Map: Ulrena

Players

llllllllllll

  • Race: Protoss Protoss
  • League: Master

Miszu - Winner!

  • Race: Terran Terran
  • League: Master

VOD

Have the link to the VOD?

Description

Time

  • Played on: April 20, 2016, 2:48 p.m.
  • Length: 13:37
Show
View Real Time Build Order
Export as new Build Order

llllllllllll Protoss 

Build Orders: 1 Gate Expand, Oracle Opening 

Get SALT Encoding   

  12  0:01  Probe (Chrono Boost)  
  13  0:11  Probe (Chrono Boost)  
  14  0:19  Pylon  
  14  0:24  Probe (Chrono Boost)  
  15  0:38  Gateway, Probe (Chrono Boost)  
  16  0:45  Assimilator  
  16  0:48  Probe (Chrono Boost)  
  17  0:59  Probe (Chrono Boost)  
  18  1:09  Probe (Chrono Boost)  
  19  1:20  Probe (Chrono Boost)  
  20  1:28  Nexus  
  20  1:32  Probe (Chrono Boost)  
  21  1:41  Cybernetics Core  
  21  1:45  Assimilator  
  21  1:48  Probe (Chrono Boost)  
  22  1:56  Pylon  
  22  1:59  Probe (Chrono Boost)  
  23  2:14  Probe (Chrono Boost)  
  24  2:19  Stargate  
  24  2:20  Adept (Chrono Boost)  
  26  2:25  Probe  
  27  2:30  Warp Gate  
  27  2:38  Probe x2  
  29  2:45  Adept (Chrono Boost)  
  29  2:49  Probe  
  29  2:50  Probe  
  33  3:00  Probe  
  33  3:02  Probe  
  33  3:03  Oracle (Chrono Boost)  
  38  3:09  Adept  
  38  3:10  Probe  
  41  3:14  Probe  
  41  3:19  Pylon  
  42  3:21  Probe  
  42  3:26  Probe  
  44  3:31  Probe  
  45  3:38  Oracle (Chrono Boost), Probe  
  49  3:42  Probe  
  50  3:50  Probe  
  50  3:52  Probe  
  50  3:53  Nexus  
  52  4:02  Probe  
  50  4:12  Probe  
  45  4:17  Phoenix (Chrono Boost)  
  45  4:18  Gateway  
  45  4:21  Gateway  
  45  4:22  Mothership Core  
  45  4:23  Pylon, Probe  
  50  4:35  Probe  
  50  4:37  Assimilator  
  51  4:39  Phoenix (Chrono Boost)  
  51  4:40  Assimilator  
  51  4:42  Gateway  
  51  4:44  Gateway  
  53  4:47  Adept  
  53  4:48  Probe  
  56  4:53  Probe  
  57  5:00  Pylon  
  57  5:02  Twilight Council, Pylon  
  57  5:08  Probe, Phoenix (Chrono Boost)  
  57  5:09  Probe  
  57  5:11  Probe  
  62  5:19  Probe  
  63  5:21  Probe  
  63  5:22  Robotics Facility  
  63  5:25  Probe  
  65  5:29  Phoenix (Chrono Boost)  
  65  5:32  Adept  
  69  5:38  Pylon, Resonating Glaives (Chrono Boost)  
  69  5:42  Adept  
  69  5:43  Probe  
  69  5:45  Probe  
  69  5:49  Adept, Probe  
  76  5:59  Adept x3  
  76  6:03  Phoenix  
  84  6:07  Adept  
  84  6:10  Observer  
  87  6:15  Pylon  
  87  6:20  Gateway, Pylon  
  87  6:22  Pylon  
  87  6:28  Adept x2, Phoenix  
  93  6:35  Pylon, Probe  
  93  6:39  Adept  
  96  6:45  Gateway  
  96  6:51  Adept x3  
  96  6:53  Phoenix  
  104  7:05  Adept x2  
  108  7:15  Gateway, Blink (Chrono Boost)  
  108  7:17  Gateway  
  108  7:19  Phoenix  
  110  7:23  Gateway  
  110  7:24  Pylon  
  110  7:27  Stalker x2  
  114  7:36  Stalker x3  
  120  7:49  Adept  
  120  8:20  Stalker x2  
  120  8:21  Stalker x4  
  120  8:26  Observer  
  133  8:30  Pylon  
  133  8:32  Pylon  
  133  8:33  Pylon  
  133  8:34  Pylon  
  133  8:36  Pylon  
  133  8:39  Pylon  
  133  8:42  Pylon x2  
  133  8:47  Warp Prism  
  135  8:52  Adept x7  
  135  8:53  Adept x2  
  153  8:57  Adept  
  155  9:23  Templar Archives  
  155  9:24  Adept x6  
  159  9:25  Assimilator x2  
  159  9:30  Adept  
  159  9:31  Adept x3  
  175  9:53  Adept x3  
  175  9:54  Adept x3  
  175  9:55  Adept  
  175  9:59  Adept x2  
  193  10:03  Adept  
  143  10:18  Psionic Storm  
  143  10:19  Adept x2  
  143  10:20  Adept x3  
  143  10:21  Adept  
  88  10:43  High Templar x3  
  88  10:44  High Templar  
  78  10:55  Adept x4  
  78  10:56  Adept x2  
  84  11:02  Nexus  
  84  11:18  High Templar  
  84  11:19  High Templar x2  
  84  11:20  Adept x3  
  84  11:21  Forge  
  84  11:22  Archon  
  96  11:27  Adept  
  96  11:28  Adept  
  96  11:32  Warp Prism (Chrono Boost)  
  101  11:50  Adept x2  
  101  11:51  Adept x2  
  109  11:55  Pylon  
  109  12:07  High Templar x3  
  115  12:21  Adept x2  
  115  12:22  Adept x2  
  123  12:23  Sentry  
  121  12:38  Adept x2  
  121  12:40  Archon  
  125  12:52  Adept  
  125  12:53  Adept x4  
  125  12:57  Adept x2  
  125  12:58  Adept  
Show
View Real Time Build Order
Export as new Build Order

Miszu Terran - Winner!

Build Orders: MMM Bio 

Get SALT Encoding   

  12  0:00  SCV  
  13  0:13  SCV  
  14  0:20  Supply Depot  
  14  0:25  SCV  
  15  0:41  SCV  
  16  0:43  Barracks  
  16  0:53  SCV  
  17  1:07  SCV  
  18  1:16  Command Center  
  18  1:20  SCV  
  19  1:30  Marine  
  20  1:34  Orbital Command  
  20  1:47  Marine  
  20  1:49  Supply Depot  
  21  2:05  Marine  
  21  2:06  SCV  
  23  2:13  Barracks x2  
  23  2:18  SCV  
  24  2:23  Marine  
  24  2:29  Orbital Command  
  25  2:34  SCV  
  26  2:41  Marine  
  26  2:43  Refinery x2  
  27  2:46  SCV  
  28  2:54  SCV  
  28  2:58  SCV  
  30  2:59  Marine  
  30  3:02  Marine  
  30  3:03  Marine  
  33  3:06  SCV  
  33  3:10  SCV  
  35  3:18  SCV  
  36  3:22  Barracks Tech Lab, SCV  
  37  3:27  Supply Depot, Marine x2  
  37  3:30  SCV  
  40  3:34  SCV  
  40  3:41  Marine  
  42  3:42  SCV  
  42  3:45  Marine x2  
  42  3:46  SCV  
  46  3:49  Stimpack  
  46  3:53  Supply Depot  
  46  3:54  SCV  
  47  3:58  Marine, SCV  
  47  4:01  Refinery  
  49  4:02  Marine  
  49  4:03  Marine  
  49  4:07  SCV  
  46  4:11  SCV  
  46  4:16  Marine  
  46  4:19  SCV  
  46  4:20  Marine x2  
  46  4:23  Factory, SCV  
  50  4:31  SCV  
  49  4:34  Marine  
  49  4:35  SCV  
  49  4:38  Marine x2  
  49  4:43  SCV  
  49  4:45  Engineering Bay  
  52  4:47  SCV  
  52  4:49  Supply Depot  
  52  4:52  Marine  
  54  4:55  SCV  
  54  4:59  SCV  
  58  5:00  Barracks Tech Lab  
  58  5:02  Barracks Reactor  
  56  5:07  SCV  
  56  5:08  Starport  
  56  5:09  Factory Reactor  
  56  5:10  Marine  
  56  5:11  Terran Infantry Weapons Level 1, SCV  
  59  5:15  Missile Turret  
  59  5:19  SCV, Missile Turret  
  60  5:23  SCV  
  60  5:26  Barracks x2  
  60  5:27  Marine  
  62  5:31  SCV  
  62  5:33  Supply Depot  
  64  5:35  SCV  
  64  5:36  Supply Depot  
  64  5:38  Marine x3  
  67  5:43  Refinery, SCV  
  67  5:46  Marauder  
  70  5:53  Factory Reactor  
  70  5:55  SCV x2  
  73  5:57  Marauder  
  73  6:04  Medivac x2  
  75  6:06  Supply Depot  
  75  6:07  SCV  
  75  6:08  Marauder, SCV  
  75  6:11  Marine x2  
  81  6:17  Barracks Reactor, Barracks Tech Lab  
  83  6:19  SCV  
  83  6:20  SCV  
  85  6:26  Concussive Shells  
  85  6:27  Combat Shields  
  85  6:28  Marauder  
  85  6:29  Marine  
  85  6:30  Widow Mine x2  
  85  6:31  SCV  
  93  6:39  Supply Depot  
  93  6:43  Marine  
  94  6:52  Supply Depot  
  94  7:01  Marine x4, Medivac x2  
  102  7:03  Supply Depot  
  102  7:13  Marine, Widow Mine x2  
  102  7:14  Supply Depot, Marauder  
  109  7:20  Terran Infantry Armor Level 1  
  109  7:25  Marauder x2  
  113  7:30  Supply Depot  
  113  7:34  Medivac x2  
  113  7:36  Marine, Marauder  
  120  7:40  Supply Depot, Command Center  
  120  7:41  Widow Mine  
  122  7:46  Marauder x2  
  126  7:57  Marauder  
  126  8:07  Marauder  
  126  8:08  Medivac x2  
  132  8:14  Marauder  
  132  8:16  Supply Depot  
  132  8:18  Supply Depot  
  132  8:19  Widow Mine x2  
  128  8:24  Marine x2  
  128  8:25  Marine x3  
  133  8:28  Marine  
  134  8:35  Marine  
  134  8:38  Medivac  
  137  8:42  Marine x2  
  137  8:43  Marauder  
  137  8:47  Engineering Bay, Marauder  
  137  8:48  Marine x2  
  145  8:49  Armory  
  145  8:52  Marine  
  145  8:55  Ghost Academy  
  146  8:57  Missile Turret  
  146  9:01  Widow Mine  
  146  9:02  Widow Mine  
  150  9:13  Medivac, Marauder  
  154  9:22  Orbital Command  
  153  9:26  SCV x2  
  153  9:30  Widow Mine  
  157  9:32  Marauder  
  157  9:35  Terran Infantry Weapons Level 2  
  157  9:38  SCV x2  
  161  9:40  Terran Infantry Armor Level 2  
  161  9:48  Supply Depot  
  161  9:50  SCV x2  
  161  9:51  Supply Depot  
  163  10:01  SCV  
  149  10:11  Marauder  
  120  10:15  Marine, Marauder  
  120  10:16  Marine x3, Marauder  
  96  10:32  Marine  
  96  10:33  Marine  
  96  10:34  Marine x3  
  88  10:36  Marine  
  88  10:37  Marine  
  77  10:49  Marine  
  71  10:50  Widow Mine x2  
  71  10:51  Marine, Medivac x2  
  71  10:52  Marine x3  
  71  10:54  Marauder  
  71  10:55  Marauder  
  85  11:02  SCV x3  
  88  11:08  Marauder  
  88  11:09  Marine x4  
  94  11:14  SCV x3  
  100  11:19  Widow Mine  
  100  11:20  Ghost  
  100  11:23  Widow Mine  
  100  11:24  Supply Depot  
  100  11:25  Medivac  
  107  11:26  SCV x3  
  107  11:27  Marine x4  
  107  11:29  Marine  
  107  11:30  Ghost  
  115  11:38  SCV x3  
  118  11:45  Marine x2  
  118  11:46  Marine  
  123  11:47  Marauder  
  123  11:49  Marauder  
  123  11:50  Marine, SCV x2  
  123  11:52  Widow Mine x2  
  132  12:00  Marauder  
  134  12:02  Marine, Medivac  
  134  12:03  Marine  
  134  12:04  Marine  
  134  12:08  Marine, Marauder  
  139  12:11  Marauder  
  142  12:20  Ghost  
  144  12:24  Marine, Widow Mine x2  
  144  12:25  Marine x2  
  144  12:26  Marine  
  154  12:30  Marauder  
  152  12:46  Marine, Marauder  
  132  13:00  Marine x4, Marauder, Widow Mine  
  132  13:01  Hellion, Medivac  
  132  13:04  Marine  
  140  13:07  Marine  
  141  13:18  Marine x4  
Tags
 
Add a new tag
Caveats
  • Supply blocks, unpowered buildings, or Contaminate may cause inaccurate times.
  • Supply counts are checked every 10 seconds.